 Dungeon Crawl Stone Soup version 0.30-a0-54-g2e61a25929 (webtiles) character file.

Game seed: 8548780325918374197

32 LnG the Trooper (level 3, -8/33 HPs)
             Began as a Hill Orc Fighter on Sept 7, 2022.
             Mangled by Crazy Yiuf
             ... wielding a +4 quarterstaff of chaos
              (13 damage)
             ... on level 2 of the Dungeon.
             The game lasted 00:03:23 (1847 turns).

LnG the Trooper (Hill Orc Fighter)                  Turns: 1847, Time: 00:03:24

Health: -8/33      AC:  7    Str: 20    XL:     3   Next: 27%
Magic:  3/3        EV:  9    Int:  8    God:
Gold:   58         SH:  4    Dex: 10    Spells: 2/2 levels left

rFire   . . .      SeeInvis .    a - +0 war axe
rCold   . . .      Faith    .    c - +0 buckler
rNeg    . . .      Spirit   .    b - +0 scale mail
rPois   .          Reflect  .    (no helmet)
rElec   .          Harm     .    (no cloak)
rCorr   .          Rampage  .    (no gloves)
Will    .....                    (no boots)
Stlth   ..........               (no amulet)
HPRegen 0.11/turn                (no ring)
MPRegen 0.08/turn                (no ring)

@: hasted, very quick
A: no striking features
a: no special abilities


You were on level 2 of the Dungeon.
You visited 1 branch of the dungeon, and saw 2 of its levels.

You collected 58 gold pieces.

Inventory:

Hand Weapons
 a - a +0 war axe (weapon)
Armour
 b - a +0 scale mail (worn)
 c - a +0 buckler (worn)
Jewellery
 f - a ring of wizardry
 g - a ring of magical power
 i - a +6 ring of intelligence
Scrolls
 h - 2 scrolls of immolation {unknown}
 j - a scroll of enchant weapon {unknown}
 k - 2 scrolls of brand weapon {unknown}
 l - a scroll of amnesia {unknown}
 n - a scroll of identify {unknown}
Potions
 d - a potion of might
 e - 2 potions of heal wounds {unknown}
 m - a potion of curing {unknown}


   Skills:
 + Level 3.9 Fighting
 + Level 3.2 Axes
 + Level 3.7 Armour
 + Level 0.1 Dodging
 + Level 3.7 Shields


You had 2 spell levels left.
You didn't know any spells.
Your spell library contained the following spells:

 Spells                   Type           Power      Damage    Failure   Level
 Blink                    Tloc           0%         N/A       94%         2
 Manifold Assault         Tloc           0%         N/A       100%        5
 Storm Form               Tmut/Air       0%         N/A       100%        7


Dungeon Overview and Level Annotations

Branches:
Dungeon (2/15)

Altars:

Annotations:
D:2 Crazy Yiuf


Message History

You see here a staff of cold.
Found a hammer.
Found a runed translucent door.
Crazy Yiuf shouts!
There is a faded altar of an unknown god here.
There is a stone staircase leading down here.
There is an escape hatch in the floor here.
A frilled lizard comes into view.
Found an emerald potion.
The frilled lizard hisses angrily.
You block the frilled lizard's attack.
You slash the frilled lizard!
You kill the frilled lizard!
No target in view!
No target in view!
No target in view!
m - an emerald potion You open the door.
There is an open door here.
n - a scroll labelled NAEFRU VUAKH
There is an open door here.
There is an escape hatch in the floor here.
You see here a +0 robe.
Crazy Yiuf shouts!
You open the door. You barely miss Crazy Yiuf.
Crazy Yiuf drinks a potion.
Crazy Yiuf seems to speed up.
Crazy Yiuf barely misses you.
You hit Crazy Yiuf.
Crazy Yiuf is moderately wounded.
Crazy Yiuf closely misses you.
Crazy Yiuf hits you with a +4 quarterstaff of chaos!
Space warps horribly around you!
You slash Crazy Yiuf!
Crazy Yiuf is heavily wounded.
Crazy Yiuf says, "Buddy cloud sanguine!"
Crazy Yiuf hits you with a +4 quarterstaff of chaos.
* * * LOW HITPOINT WARNING * * *
You feel yourself speed up.
Crazy Yiuf grits, "Blight!"
Crazy Yiuf hits you with a +4 quarterstaff of chaos!
You die...

.#.#.####..........#.....#
#.## ...#.#
##.#.#.#.###.....# #.#
.#...# #.#.#.#...#.##..#
#.# .##..#
################# #.#
.##..##### ######.##
.........# #........
.....##### ### ####....#.##
.........# #)..###
##....[#.#.## .........#
#...g@####......#.....
#.########
#...##..#......####.##
#........# ###
###.#......###.# #....†...#
########..##.# '........#
###.##.# #........# #####
######......# ##########
#.#.#####...#.###.#### #
#.#.........#.........
######'#######..######..###


You could see Crazy Yiuf (fast).

Vanquished Creatures
  An adder (D:2)
  2 bats
  An endoplasm (D:1)
  2 giant cockroaches (D:2)
  2 goblins (D:1)
  5 hobgoblins
  2 kobolds
  A quokka (D:2)
  2 ball pythons
  2 frilled lizards (D:2)
  A rat (D:1)
21 creatures vanquished.

Notes
Turn   | Place    | Note
-------+----------+-------------------------------------------
     0 | D:1      | LnG the Hill Orc Fighter began the quest for the Orb.
     0 | D:1      | Reached XP level 1. HP: 19/19 MP: 1/1
   494 | D:1      | Reached XP level 2. HP: 25/25 MP: 2/2
  1160 | D:2      | Found a faded altar of an unknown god.
  1326 | D:2      | Reached XP level 3. HP: 29/33 MP: 3/3
  1619 | D:2      | Found a runed translucent door.
  1620 | D:2      | Noticed Crazy Yiuf
  1847 | D:2      | Mangled by Crazy Yiuf

Illustrated notes

Levels and vault maps discovered:
D:1:      minmay_arrival_widening_spiral_wide, layout_loops_cross, moated_statue
D:2:      layout_basic, chequers_ecumenical_altar_simple_redux,
          uniq_crazy_yiuf_cottage

Skill      XL: |  1  2 |
---------------+-------+-----
Axes           | 3 |  3.2
Fighting       | |  3.9
Armour         | |  3.7
Dodging        | |  0.1
Shields        | |  3.7

Action                   || total
-------------------------++-------
Melee: War axe           ||    72
Armor: Scale mail        ||    32
Dodge: Dodged            ||    33
Block: Buckler           ||    16

Table legend: (Time is in decaauts)
 A = Elapsed time spent in this place.
 B = Non-inter-level travel time spent in this place.
 C = Inter-level travel time spent in this place.
 D = Time resting spent in this place.
 E = Time spent auto-exploring this place.
 F = Levels seen in this place.
 G = Mean time per level.
                   A        B        C        D        E       F      G
               +--------+--------+--------+--------+--------+-----+--------+
         Total |   1875 |   1867 |      8 |    100 |   1534 |   2 |  937.5 |
       Dungeon |   1875 |   1867 |      8 |    100 |   1534 |   2 |  937.5 |
               +--------+--------+--------+--------+--------+-----+--------+

Top non-repeatable levels by time:
     D:1: 997 daAuts
     D:2: 878 daAuts
